 Dungeon Crawl Stone Soup version 0.28-a0-239-g68911e0c57 (webtiles) character file.

Game seed: 9258102875268737702

14 Colgate the Ruffian (level 2, 24/24 HPs)
             Began as a Human Berserker on Aug 23, 2021.
             Was a Follower of Trog.
             Quit the game on level 1 of the Dungeon.
             The game lasted 00:00:37 (730 turns).

Colgate the Ruffian (Human Berserker)                Turns: 730, Time: 00:00:38

Health: 24/24      AC:  2    Str: 17    XL:     2   Next: 55%
Magic:  2/2        EV: 12    Int:  7    God:    Trog [*.....]
Gold:   20         SH:  0    Dex: 12    Spells: 1/1 levels left

rFire   . . .      SeeInvis .   h - +0 short sword
rCold   . . .      Faith    .   (no shield)
rNeg    . . .      Spirit   .   a - +0 animal skin
rPois   .          Reflect  .   (no helmet)
rElec   .          Harm     .   (no cloak)
rCorr   .          Rampage  .   (no gloves)
Will    .....                   (no boots)
Stlth   +.........              (no amulet)
HPRegen 0.08/turn               (no ring)
MPRegen 0.08/turn               (no ring)

@: no status effects
A: no striking features
a: Renounce Religion, Berserk


You were on level 1 of the Dungeon.
You worshipped Trog.
Trog was aware of your devotion.
You visited 1 branch of the dungeon, and saw 1 of its levels.

You collected 20 gold pieces.


   Skills:
 - Level 3.0 Fighting
 + Level 2.0 Axes
 - Level 2.0 Armour
 - Level 2.0 Dodging
 - Level 3.0 Unarmed Combat


You had one spell level left.
You didn't know any spells.
Your spell library was empty.

Inventory:

Hand Weapons
 h - a +0 short sword (weapon)
Armour
 a - a +0 animal skin (worn)
 d - a +0 pair of boots
Scrolls
 c - a scroll of magic mapping {unknown}
 f - a scroll of vulnerability {unknown}
 g - a scroll of amnesia {unknown}
Potions
 b - 2 potions of attraction {unknown}

Dungeon Overview and Level Annotations

Branches:
Dungeon (1/15)

Altars:


Message History

You hit the jackal.
The jackal is heavily wounded.
The jackal bites you.
524 ||| INVOKING Berserk.
A red film seems to cover your vision as you go berserk!
You feel yourself moving faster!
You feel mighty! The jackal bites you. The jackal barely misses you.
You barely miss the jackal.
The jackal is heavily wounded.
The jackal barely misses you.
You completely miss the jackal.
The jackal is heavily wounded.
The jackal barely misses you.
You closely miss the jackal.
The jackal is heavily wounded.
The jackal bites you.
You barely miss the jackal.
The jackal is heavily wounded.
The jackal closely misses you.
You puncture the jackal!
You kill the jackal!
Trog accepts your kill.
You puncture the rat!
You kill the rat!
Trog accepts your kill.
Your Axes skill increases to level 2!
You feel a strong urge to attack something.
You are no longer berserk.
You are exhausted.
You feel yourself slow down.
You feel yourself speed up.
You recover from your berserk rage.
A frilled lizard and a jackal come into view.
Found 8 gold pieces.
Enter note:
Found a sapphire potion.
You hit the frilled lizard.
You kill the frilled lizard!
Trog accepts your kill.
Are you sure you want to abandon this character and quit the game? (Confirm with "yes".)

.....................>....#.#####
........####.....................
##.####.# #.########.####.######
##..# #.# #.#.!... #.#...%.#
.[#.# #.# #.# ... .#.#.....#
..#.###.# #.#..$.#h#.#.....#####
..#..##.# #.#.#.#..#.#..........
..##.##.# #.#......#.#......####
.###.##.# ##.###@####.#......# .#
#..#.# #...........#......# .#
##.#.########.............# .#
#........................# .#
##..######.........(.....#### ##
#..# #.##########.#...... ####
##.# #. #.#.##### ...# #.# #.
#.#.# # ...####'###### #.#.# #


You could see a jackal.

Vanquished Creatures
  A bat (D:1)
  An endoplasm (D:1)
  A goblin (D:1)
  2 hobgoblins (D:1)
  2 jackals (D:1)
  A ball python (D:1)
  2 frilled lizards (D:1)
  A kobold (D:1)
  2 rats (D:1)
13 creatures vanquished.

Notes
Turn   | Place    | Note
-------+----------+-------------------------------------------
     0 | D:1      | Colgate the Human Berserker began the quest for the Orb.
     0 | D:1      | Reached XP level 1. HP: 18/18 MP: 1/1
     0 | D:1      | 0 ||| counter = 8
   110 | D:1      | Reached skill level 1 in Axes
   202 | D:1      | 202 ||| Stepping ~*~*~tactically~*~*~ (outnumbered).
   204 | D:1      | Reached XP level 2. HP: 24/24 MP: 2/2
   241 | D:1      | 241 ||| Wielding weapon +0 dagger.
   468 | D:1      | 468 ||| SWAPPING to +0 short sword.
   469 | D:1      | 469 ||| DROPPING +0 dagger.
   517 | D:1      | 517 ||| Stepping ~*~*~tactically~*~*~ (outnumbered).
   524 | D:1      | 524 ||| INVOKING Berserk.
   730 | D:1      | Quit the game

Levels and vault maps discovered:
D:1:      psy_arrival_fountain, layout_basic

Skill      XL: |  1  2 |
---------------+-------+-----
Axes           | 1 2 |  2.0
Fighting       | |  3.0
Armour         | |  2.0
Dodging        | |  2.0
Unarmed Combat | |  3.0

Action                   || total
-------------------------++-------
Melee: Unarmed           ||    28
       Short sword       ||    18
       Dagger            ||    15
Invok: Berserk           ||     1
 Stab: Sleeping          ||     1
Armor: Animal skin       ||    10
Dodge: Dodged            ||    43

Table legend:
 A = Non-vault XP
 B = Vault XP
 C = Vault XP percentage of total XP
 D = Non-vault monster count
 E = Vault monster count
 F = Vault count percentage of total count
                 A         B        C        D         E       F
            +---------+---------+-------+---------+---------+-------
      Total |      20 |       0 |   0.0 |      13 |       0 |   0.0
            +---------+---------+-------+---------+---------+-------
        D:1 |      20 |       0 |   0.0 |      13 |       0 |   0.0
            +---------+---------+-------+---------+---------+-------
